Map: Prion Terraces

Players

Tchachitos

  • Race: Protoss Protoss
  • League: Diamond

LilDicky - Winner!

  • Race: Terran Terran
  • League: Diamond

VOD

http://www.twitch.tv/tumescentpie

Description

Time

  • Played on: Dec. 7, 2015, 3:12 p.m.
  • Length: 5:31
Show
View Real Time Build Order
Export as new Build Order

Tchachitos Protoss 

Build Orders: 1 Gate Expand 

Get SALT Encoding   

  12  0:01  Probe (Chrono Boost)  
  13  0:12  Probe (Chrono Boost)  
  14  0:18  Pylon  
  14  0:22  Probe (Chrono Boost)  
  15  0:37  Probe (Chrono Boost)  
  15  0:39  Gateway  
  16  0:46  Assimilator  
  16  0:47  Probe (Chrono Boost)  
  17  0:58  Probe (Chrono Boost)  
  18  1:08  Probe (Chrono Boost)  
  19  1:19  Probe (Chrono Boost)  
  20  1:27  Cybernetics Core  
  20  1:30  Probe (Chrono Boost)  
  21  1:39  Nexus  
  21  1:42  Probe (Chrono Boost)  
  22  1:47  Assimilator  
  22  1:52  Probe (Chrono Boost)  
  23  2:16  Pylon  
  23  2:21  Warp Gate  
  23  2:25  Gateway  
  23  2:34  Stalker (Chrono Boost), Probe (Chrono Boost)  
  26  2:46  Mothership Core  
  26  2:48  Gateway  
  28  3:07  Probe  
  29  3:17  Robotics Facility  
  29  3:19  Probe  
  29  3:24  Forge  
  29  3:32  Probe  
  30  3:43  Pylon  
  29  3:53  Probe  
  18  3:55  Probe  
  18  4:04  Probe  
  18  4:07  Probe, Observer (Chrono Boost)  
  21  4:14  Probe  
  19  4:20  Probe  
  19  4:25  Probe  
  20  4:46  Probe  
  20  4:52  Probe (Chrono Boost)  
  21  4:58  Probe (Chrono Boost)  
  23  5:04  Probe (Chrono Boost)  
  24  5:09  Probe (Chrono Boost)  
  24  5:13  Twilight Council  
  25  5:15  Probe (Chrono Boost)  
  23  5:20  Probe (Chrono Boost)  
Show
View Real Time Build Order
Export as new Build Order

LilDicky Terran - Winner!

Build Orders: MMM Bio 

Get SALT Encoding   

  12  0:02  SCV  
  13  0:14  SCV  
  13  0:18  Supply Depot  
  14  0:26  SCV  
  14  0:27  Refinery  
  15  0:39  SCV  
  16  0:46  Barracks  
  16  0:51  SCV  
  17  1:13  SCV  
  18  1:25  SCV  
  19  1:33  Factory, Marine  
  19  1:35  Supply Depot  
  19  1:37  Orbital Command  
  20  1:51  Marine  
  21  2:00  Barracks  
  21  2:04  Barracks  
  21  2:12  Refinery  
  21  2:14  Barracks Reactor  
  21  2:17  SCV  
  22  2:27  Supply Depot  
  22  2:32  Widow Mine  
  24  2:38  SCV  
  25  2:50  SCV  
  26  2:51  Barracks Tech Lab x2  
  26  2:52  Marine x2  
  28  3:00  Widow Mine  
  30  3:15  Stimpack  
  30  3:16  Combat Shields  
  30  3:17  Marine x3  
  30  3:18  Marine  
  34  3:22  SCV  
  35  3:44  Marauder x2, Marine x2  
  41  3:59  Starport  
  41  4:04  Marine  
  41  4:05  Marine  
  41  4:06  Marauder  
  45  4:14  Marauder  
  47  4:25  Marine x2  
  46  4:51  Marine  
  47  4:57  Supply Depot  
  47  5:00  SCV, Marine  
Tags
 
Add a new tag
Caveats
  • Supply blocks, unpowered buildings, or Contaminate may cause inaccurate times.
  • Supply counts are checked every 10 seconds.